 Dungeon Crawl Stone Soup version 0.18-a0-1468-gaf180a1 (webtiles) character file.

45472 namelastname112 the Martial Artist (level 14, -2/135 (136) HPs)
             Began as a Yellow Draconian Monk on Mar 2, 2016.
             Was the Champion of Makhleb.
             Shot with a steel bolt by a yaktaur (40 damage)
             ... on level 15 of the Dungeon.
             The game lasted 00:30:40 (16937 turns).

namelastname112 the Martial Artist (DrMo)          Turns: 16937, Time: 00:30:41

HP:   -2/135 (136)  AC: 13    Str: 15    XL:     14   Next: 1%
MP:   21/21         EV: 24    Int: 12    God:    Makhleb [******]
Gold: 975           SH:  0    Dex: 27    Spells: 1 memorised, 14 levels left

rFire  + . .     SeeInvis .       - Unarmed
rCold  + . .     Gourm    .     (armour unavailable)
rNeg   . . .     Faith    .     (no shield)
rPois  +         Spirit   .     (helmet restricted)
rElec  .         Dismiss  .     R - +0 cloak
rCorr  +         Reflect  .     Q - +1 pair of gloves
SustAt .         Harm     .     x - +0 pair of boots
MR     ++...     Clarity  +     K - amulet "Avolueg" {+Rage rF+ rC+}
Stlth  +++.......               V - ring of Umianaor {Wiz Str+2 Dex+4 Slay+2}
                                c - +3 ring of dexterity

@: short of breath, very resistant to hostile enchantments, fairly stealthy
A: spit acid, acid resistance, unfitting armour, stinger 1, agile 1, blurry
vision 1, clarity, magic resistance 1, poison resistance, robust 1, shaggy fur
1, acidic bite, evolution 1, cold-blooded, AC +8
a: Spit Acid, Minor Destruction, Lesser Servant of Makhleb, Major Destruction,
Greater Servant of Makhleb, Renounce Religion, Evoke Berserk Rage


You were on level 15 of the Dungeon.
You worshipped Makhleb.
Makhleb was exalted by your worship.
You were very hungry.

You visited 2 branches of the dungeon, and saw 16 of its levels.
You also visited: Ossuary and Bailey.

You collected 1690 gold pieces.
You spent 715 gold pieces at shops.

Inventory:

Hand Weapons
 j - a +0 blowgun
Missiles
 l - 59 poisoned needles
 y - 5 throwing nets (quivered)
Armour
 x - a +0 pair of boots (worn)
 Q - a +1 pair of gloves (worn)
 R - a +0 cloak (worn)
Jewellery
 c - a +3 ring of dexterity (left hand)
 e - a +3 amulet of reflection {unknown}
 i - an uncursed ring of flight
 E - an uncursed ring of ice
 K - the amulet "Avolueg" (around neck) {+Rage rF+ rC+}
   (You took it off an orc wizard on level 6 of the Dungeon)

   [amulet of rage]

   It protects you from fire.
   It protects you from cold.
   It lets you go berserk.
 V - the ring of Umianaor (right hand) {Wiz Str+2 Dex+4 Slay+2}
   (You found it on level 9 of the Dungeon)

   [ring of wizardry]

   It improves your spell success rate.
   It affects your strength (+2).
   It affects your dexterity (+4).
   It affects your accuracy and damage with ranged weapons and melee attacks
   (+2).
Wands
 G - a wand of confusion (11/48)
 J - a wand of teleportation (5/9)
 N - a wand of flame (25/48)
 P - a wand of acid (6/15)
 U - a wand of paralysis (10/24)
Scrolls
 d - 3 scrolls of blinking
 n - 6 scrolls of recharging
 p - 5 scrolls of teleportation
 u - 2 scrolls of remove curse
 w - 2 scrolls of fear
 z - 3 scrolls of enchant armour
 A - 3 scrolls of immolation
 B - 5 scrolls of amnesia
 T - a scroll of fog
 Z - 3 scrolls of magic mapping
Potions
 b - 5 potions of heal wounds
 g - 4 potions of agility
 k - 2 potions of cure mutation
 m - 4 potions of brilliance
 o - 2 potions of might
 r - 2 potions of berserk rage
 s - 7 potions of curing
 t - a potion of lignification
 v - a potion of invisibility
 C - 3 potions of cancellation
 F - 2 potions of haste
 M - a potion of magic
 O - a potion of flight
Books
 D - a book of the Tempests

   Spells                             Type                      Level
   a - Static Discharge               Conjuration/Air              3
   b - Lightning Bolt                 Conjuration/Air              5
   c - Fireball                       Conjuration/Fire             5
   d - Tornado                        Air                          9
   e - Shatter                        Earth                        9
 H - The Arcane Secrets of Rites and Rhymes
   (You found it on level 8 of the Dungeon)

   Spells                             Type                      Level
   a - Discord                        Hexes                        8
 I - a Fen Folio

   Spells                             Type                      Level
   a - Corpse Rot                     Necromancy                   2
   b - Stone Arrow                    Conjuration/Earth            3
   c - Leda's Liquefaction            Hexes/Earth                  4
   d - Summon Forest                  Summoning/Translocation      5
   e - Hydra Form                     Transmutation                6
   f - Summon Hydra                   Summoning                    7
 L - a book of Transfigurations

   Spells                             Type                      Level
   a - Irradiate                      Conjuration/Transmutation    5
   b - Statue Form                    Transmutation/Earth          6
   c - Hydra Form                     Transmutation                6
   d - Dragon Form                    Transmutation                7
 S - a Necronomicon

   Spells                             Type                      Level
   a - Haunt                          Necromancy/Summoning         7
   b - Borgnjor's Revivification      Necromancy                   8
   c - Death's Door                   Charms/Necromancy            8
   d - Necromutation                  Transmutation/Necromancy     8
 Y - a book of the Warp

   Spells                             Type                      Level
   a - Recall                         Summoning/Translocation      3
   b - Gell's Gravitas                Hexes/Translocation          3
   c - Force Lance                    Conjuration/Translocation    4
   d - Warp Weapon                    Charms/Translocation         5
   e - Summon Forest                  Summoning/Translocation      5
Miscellaneous
 q - a stone of tremors
Comestibles
 a - 13 bread rations
 h - 33 fruits
 X - 3 beef jerkies


   Skills:
 - Level 11.3 Fighting
 + Level 10.2 Dodging
 - Level 1.7 Stealth
 - Level 14.0 Unarmed Combat
 + Level 4.0 Spellcasting
 + Level 9.9 Transmutations
 - Level 9.8 Invocations


You had 14 spell levels left.
You knew the following spells:

 Your Spells              Type           Power        Failure   Level  Hunger
a - Dragon Form           Trmt           ####......   97%         7    #######


Dungeon Overview and Level Annotations

Branches:
Dungeon (15/15)            Temple (1/1) D:6            Lair (0/8) D:9
    Orc (0/2) D:10         Vaults (0/5) D:13         Depths (0/5) D:15

Altars:
Ashenzari
Elyvilon
Fedhas
Gozag
Kikubaaqudgha
Makhleb
Okawaru
Ru
Sif Muna
Trog
Yredelemnul
Zin
The Shining One

Shops:
D:6 :   D:12 ?   D:15 (

Annotations:
D:14 Snorg


Innate Abilities, Weirdness & Mutations

You can spit globs of acid.
You are resistant to acid.
Your golden yellow scales are hard (AC +8).
Your body does not fit into most forms of armour.
You have acidic saliva.
You are cold-blooded and may be slowed by cold attacks.
Your tail ends in a poisonous barb.
You are agile. (Dex +2)
Scrolls take you a little longer to read.
You possess an exceptional clarity of mind.
You are resistant to hostile enchantments.
Your system is resistant to poisons.
You are robust (+10% HP).
You are covered in fur (AC +1).
You evolve.


Message History

The orb of energy hits you!
The orb of energy explodes!
The yaktaur shoots a steel bolt.
The steel bolt misses you.
The steel bolt shimmers and vanishes!
You punch the rakshasa!
The rakshasa is severely wounded.
The injured rakshasa weaves a defensive illusion!
The rakshasa gestures.
The rakshasa blinks!
The rakshasa barely misses you.
The yaktaur shoots a steel bolt.
The steel bolt hits you.
The yaktaur shoots a steel bolt.
The steel bolt misses you.
The steel bolt shimmers and vanishes!
The rakshasa barely misses you.
You see here a steel bolt.
Press: ? - help, Shift-Dir - straight line, f - rakshasa
Aim: a rakshasa, wielding a trident and wearing a robe (severely wounded, covered in acid)
You spit a glob of acid.
The acid misses the rakshasa.
You feel somewhat more hungry. The rakshasa misses you.
The yaktaur shoots a steel bolt.
The steel bolt hits you!!
* * * LOW HITPOINT WARNING * * *
The yaktaur shoots a steel bolt.
The steel bolt hits you!!!
You die...

.......≈)≈≈≈≈≈≈≈≈## #≈≈≈≈≈≈≈≈
.......≈≈≈≈≈≈≈≈≈≈≈. ##≈≈≈≈≈≈≈
.∩.....≈≈≈≈≈≈≈≈≈≈# ##≈≈≈≈≈≈
.......#≈≈≈≈≈≈≈≈.# ##.....
[......##≈≈≈≈≈≈..###########.....
.......###≈c≈≈####.........'.....
.###)######c≈### #.#########.....
.###.##<##..(..###.# #.....
.#....#.##...RR(@..# ######
.#.#..#.##....R#####
.#.#.<#.##.....# .#.#.##.##...†.#
...#....##.....# ##########.....#
#######


You could see 3 rakshasas and 2 yaktaurs.

Vanquished Creatures
  Louise (D:15)
  2 ice dragons (D:15)
  Fannar (D:10)
  2 hydras
  5 centaur warriors
  A satyr (shapeshifter) (D:15)
  The ghost of namelastname112 the Grappler, a novice DrMo of Dithmenos (D:7)
  3 skeletal warriors
  A wizard (D:13)
  An orc knight (Bailey)
  4 hill giants
  5 ugly things
  3 manticores (D:12)
  2 deep elf magi (D:15)
  3 cyclopes
  2 centaur zombies
  4 orange demons (D:12)
  A gargoyle (D:15)
  A kobold demonologist (D:11)
  An efreet (D:15)
  2 trolls
  A harpy zombie (D:15)
  2 two-headed ogres
  Prince Ribbit (D:5)
  Sigmund (D:2)
  A shadow (D:12)
  3 wyverns
  16 yaks
  2 water elementals (D:15)
  A spriggan (shapeshifter) (D:14)
  2 basilisks (D:14)
  6 hungry ghosts
  4 vampire mosquitoes (D:13)
  3 steam dragons
  Menkaure (D:7)
  A soldier ant (D:14)
  Duvessa (D:6)
  2 water moccasins
  A hornet simulacrum (D:15)
  4 sky beasts
  5 ice beasts
  6 ogres
  14 orc warriors
  An eye of draining (D:8)
  2 wasps
  9 centaurs
  A necrophage (D:6)
  4 phantoms
  A crocodile (D:10)
  7 giant frogs
  6 big kobolds
  A wyvern zombie (D:10)
  A water moccasin zombie (D:8)
  4 scorpions
  Dowan (D:6)
  7 killer bees
  8 wights
  4 howler monkeys
  An electric eel (D:15)
  8 crimson imps
  A wasp zombie (D:8)
  A giant frog zombie (D:5)
  4 quasits
  5 orc priests
  8 orc wizards
  10 hounds
  2 jellies
  2 centaur skeletons
  3 giant frog skeletons
  Ijyb (D:3)
  Jessica (D:3)
  2 gnoll shamans
  4 iguanas
  Terence (D:3)
  16 worker ants
  2 sheep (D:15)
  14 mummies (Ossuary)
  2 hound zombies
  13 gnolls
  16 adders
  5 shadow imps
  An ooze (D:1)
  An adder zombie (D:8)
  An adder skeleton (D:8)
  2 worms
  4 dart slugs
  7 giant geckos
  54 orcs
  A ball python (D:6)
  6 giant cockroaches
  4 goblins
  10 hobgoblins
  22 jackals
  5 quokkas
  7 bats
  4 giant newts
  2 gnoll skeletons (Ossuary)
  A goblin skeleton (Ossuary)
  A jackal zombie (D:8)
  41 kobolds
  2 kobold skeletons (Ossuary)
  3 orc skeletons (Ossuary)
  A quokka zombie (D:8)
  7 rats
  11 rat skeletons (Ossuary)
501 creatures vanquished.

Notes
Turn   | Place    | Note
--------------------------------------------------------------
     0 | D:1      | namelastname112 the Draconian Monk began the quest for the Orb.
     0 | D:1      | Reached XP level 1. HP: 19/19 MP: 1/1
    81 | D:1      | Reached XP level 2. HP: 24/26 MP: 2/2
   600 | D:1      | Reached skill level 5 in Unarmed Combat
   629 | D:1      | Reached XP level 3. HP: 29/31 MP: 3/3
   832 | D:2      | Noticed Sigmund
   945 | D:3      | Noticed Terence
   961 | D:3      | Killed Terence
   961 | D:3      | Reached XP level 4. HP: 18/38 MP: 4/4
  1211 | D:4      | Reached skill level 6 in Unarmed Combat
  1698 | D:3      | Reached XP level 5. HP: 29/45 MP: 5/5
  1835 | D:3      | Noticed Ijyb
  1862 | D:3      | Killed Ijyb
  1872 | D:3      | Found a shattered altar of Ashenzari.
  1955 | D:3      | Noticed Jessica
  1958 | D:3      | Killed Jessica
  1983 | D:3      | Reached skill level 7 in Unarmed Combat
  2748 | D:2      | Found an opulent altar of Gozag.
  2749 | D:2      | Found a glowing golden altar of the Shining One.
  2939 | D:2      | Killed Sigmund
  2939 | D:2      | Reached skill level 8 in Unarmed Combat
  2939 | D:2      | Reached XP level 6. HP: 51/51 MP: 6/6
  3339 | D:4      | Your scales start taking on a golden yellow colour.
  3339 | D:4      | Reached XP level 7. HP: 21/57 MP: 7/7
  4063 | D:4      | Reached skill level 9 in Unarmed Combat
  4507 | D:5      | Entered Level 5 of the Dungeon
  4537 | D:5      | Reached skill level 10 in Unarmed Combat
  4685 | D:5      | Reached XP level 8. HP: 63/63 MP: 8/8
  4721 | D:5      | Found a sand-covered staircase.
  4774 | Ossuary  | Entered an ossuary
  5307 | D:5      | Noticed Prince Ribbit
  5319 | D:5      | Killed Prince Ribbit
  6119 | D:6      | Noticed Dowan
  6121 | D:6      | Noticed Duvessa
  6125 | D:6      | Killed Dowan
  6125 | D:6      | Reached skill level 11 in Unarmed Combat
  6129 | D:6      | Reached skill level 5 in Fighting
  6141 | D:6      | Killed Duvessa
  6162 | D:6      | Reached XP level 9. HP: 7/73 MP: 9/9
  6163 | D:6      | HP: 3/73 [orc/mace of crushing (1)]
  6380 | D:6      | Got a transparent tin amulet
  6510 | D:6      | Found a glowing golden altar of the Shining One.
  6532 | D:6      | Identified the amulet "Avolueg" {+Rage rF+ rC+} (You took it off an orc wizard on level 6 of the Dungeon)
  6640 | D:6      | Found Nudwoomnah's Book Shoppe.
  6668 | D:6      | Found a staircase to the Ecumenical Temple.
  6872 | Temple   | Entered the Ecumenical Temple
  7006 | Temple   | Became a worshipper of Makhleb the Destroyer
  7006 | Temple   | Reached * piety under Makhleb
  7006 | Temple   | Reached ** piety under Makhleb
  7111 | D:7      | Found a blossoming altar of Fedhas.
  7113 | D:7      | Found an ancient bone altar of Kikubaaqudgha.
  7185 | D:7      | Noticed Menkaure
  7197 | D:7      | Killed Menkaure
  7479 | D:7      | Reached skill level 1 in Invocations
  7486 | D:7      | Noticed namelastname112's ghost (novice DrMo)
  7764 | D:7      | Reached skill level 5 in Dodging
  7787 | D:7      | Killed namelastname112's ghost
  7963 | D:7      | Gained mutation: Scrolls take you a little longer to read. [mutagenic meat]
  7964 | D:7      | Gained mutation: You possess an exceptional clarity of mind. [mutagenic meat]
  7965 | D:7      | Gained mutation: You are robust (+10% HP). [mutagenic meat]
  7966 | D:7      | Gained mutation: Your system is resistant to poisons. [mutagenic meat]
  8369 | D:7      | Gained mutation: You evolve. [potion of mutation]
  8369 | D:7      | Gained mutation: You are resistant to hostile enchantments. [potion of mutation]
  8404 | D:8      | Found a flagged portal.
  8423 | Bailey   | Entered a bailey
  8432 | Bailey   | Noticed an orc knight
  8526 | Bailey   | Reached *** piety under Makhleb
  8591 | Bailey   | Reached XP level 10. HP: 91/93 MP: 13/13
  8725 | Bailey   | Killed an orc knight
  9035 | D:8      | Reached skill level 12 in Unarmed Combat
  9520 | D:8      | Found a white marble altar of Elyvilon.
  9553 | D:8      | Found a shattered altar of Ashenzari.
  9894 | D:8      | Noticed a cyan ugly thing
  9902 | D:8      | Reached **** piety under Makhleb
  9902 | D:8      | Reached skill level 5 in Invocations
  9946 | D:8      | Killed a cyan ugly thing
  9972 | D:8      | Gained mutation: You are covered in fur (AC +1). [mutagenic meat]
  9973 | D:8      | Gained mutation: You are agile. (Dex +2) [mutagenic meat]
  9974 | D:8      | Gained mutation: Your tail ends in a poisonous barb. [mutagenic meat]
 10064 | D:8      | Noticed a purple ugly thing
 10075 | D:8      | Killed a purple ugly thing
 10207 | D:8      | Identified The Arcane Secrets of Rites and Rhymes
 10314 | D:6      | Bought a book of Transfigurations for 715 gold pieces
 10322 | D:6      | Learned a level 7 spell: Dragon Form
 10771 | D:9      | Found a staircase to the Lair.
 10902 | D:9      | Reached ***** piety under Makhleb
 10916 | D:9      | Got a shimmering lead ring
 10919 | D:9      | Identified the ring of Umianaor {Wiz Str+2 Dex+4 Slay+2} (You found it on level 9 of the Dungeon)
 10967 | D:9      | Reached XP level 11. HP: 79/103 MP: 15/15
 11153 | D:10     | Entered Level 10 of the Dungeon
 11200 | D:10     | Found a staircase to the Orcish Mines.
 11203 | D:10     | Noticed Fannar
 11309 | D:10     | Noticed a cyan ugly thing
 11325 | D:10     | Killed a cyan ugly thing
 11846 | D:10     | Reached XP level 12. HP: 113/113 MP: 17/17
 11895 | D:10     | Killed Fannar
 12476 | D:11     | Gained mutation: You have a pair of small horns on your head. [evolution]
 12734 | D:11     | Reached skill level 13 in Unarmed Combat
 12905 | D:11     | Found a blossoming altar of Fedhas.
 12964 | D:12     | Noticed a six-headed hydra
 12968 | D:12     | Killed a six-headed hydra
 13151 | D:12     | Reached skill level 10 in Fighting
 13253 | D:12     | Found Cetou's Magic Scroll Shop.
 13331 | D:12     | Reached ****** piety under Makhleb
 13692 | D:12     | Reached XP level 13. HP: 113/124 MP: 19/19
 13988 | D:13     | Found a gate to the Vaults.
 14096 | D:13     | Found a white marble altar of Elyvilon.
 15097 | D:14     | Noticed Snorg
 15192 | D:13     | Reached skill level 14 in Unarmed Combat
 15342 | D:14     | Found a burning altar of Makhleb.
 15342 | D:14     | Noticed a blizzard demon
 15403 | D:14     | Reached skill level 1 in Spellcasting
 15470 | D:14     | Lost mutation: You have a pair of small horns on your head. [evolution]
 15556 | D:15     | Entered Level 15 of the Dungeon
 15566 | D:15     | Found Gysch's Weapon Shoppe.
 15629 | D:15     | Noticed Louise
 15676 | D:15     | Killed Louise
 16067 | D:15     | Reached skill level 10 in Dodging
 16737 | D:15     | Found a staircase to the Depths.
 16863 | D:15     | Gained mutation: You have acidic saliva. [Yellow Draconian growth]
 16863 | D:15     | Reached XP level 14. HP: 135/135 MP: 21/21
 16937 | D:15     | Shot with a steel bolt by a yaktaur

Vault maps used:
D:1:      onia_arrival_mini_maze, grunt_decor_cap
D:2:      grunt_temple_overflow_open, first_bread, uniq_sigmund
D:3:      cheibrodos_ashenzari_chains, serial_glass, glass_columns_b,
          glass_columns_c, uniq_terence, uniq_jessica, uniq_iyjb
D:5:      nicolae_ossuary_entry_ruins, minmay_misc_feat_columns,
          uniq_prince_ribbit1
D:6:      minmay_temple_entry_hall, serial_shops, shop, tso_altar, uniq_duvessa
D:7:      grunt_temple_overflow_growth_and_decay, uniq_menkaure
D:8:      kennysheep_windowed_halls, elyvilon_altar_1, basic_altar,
          enter_bailey_2
D:9:      lair_0_dummy
D:10:     orc_0_dummy, uniq_fannar
D:11:     hangedman_tree_tricks
D:12:     serial_shops, kennysheep_mini_moat, einodemon_barbed_minivault
D:13:     david_vaults_1, basic_altar
D:14:     minmay_misc_feat_five, makhleb_altar_promises_db, uniq_snorg
D:15:     grunt_enter_depths_hoard, serial_shops, shop,
          lemuel_mausoleum_altar_yredelemnul, uniq_louise
Temple:   minmay_temple_curvy_14
Ossuary:  ossuary_due_small_catacomb
Bailey:   bailey_axe_4, bailey

Skill      XL: |  1  2  3  4  5  6  7  8  9 10 11 12 13 |
---------------+----------------------------------------+-----
Unarmed Combat | 5 6 8 10 11 12 13 14 | 14.0
Dodging        | 4 5 7 8 10 | 10.2
Fighting       | 5 7 8 9 10 11 | 11.3
Invocations    | 4 6 8 9 |  9.8
Transmutations | 8 9 |  9.9
Spellcasting   | 4 |  4.0
Stealth        | |  1.7

Action                   |  1- 3 |  4- 6 |  7- 9 | 10-12 | 13-15 || total
-------------------------+-------+-------+-------+-------+-------++-------
Melee: Unarmed           |    97 |   197 |   474 |   652 |   393 ||  1813
 Fire: Blowgun           |       |     4 |       |       |       ||     4
Throw: Tomahawk          |       |       |    14 |       |       ||    14
       Throwing net      |       |       |     5 |       |     8 ||    13
Invok: Lesser Servant of |       |       |       |     1 |       ||     1
 Abil: Spit Acid         |       |       |     6 |     8 |    15 ||    29
       Evoke Flight      |       |       |     1 |       |       ||     1
       Evoke Berserk Rag |       |       |       |     3 |     1 ||     4
Evoke: Wand              |       |       |     7 |       |       ||     7
  Use: Scroll            |     2 |     1 |    22 |     5 |     2 ||    32
       Potion            |       |       |     2 |     1 |       ||     3
 Stab: Sleeping          |     4 |     8 |    21 |    16 |     3 ||    52
       Distracted        |       |     2 |     1 |     2 |       ||     5
  Eat: Chunk             |       |     7 |    12 |    22 |     1 ||    42
       Meat ration       |       |       |     2 |     2 |     1 ||     5
       Fruit             |       |       |       |     2 |       ||     2
       Royal jelly       |       |       |       |     1 |     1 ||     2
       Beef jerky        |       |       |       |     1 |       ||     1
       Pizza             |       |       |       |       |     1 ||     1
